 Dungeon Crawl Stone Soup version 0.31-a0-364-gb59cdcccf2 (webtiles) character file.

Game seed: 16513481894994857240

259 dohliylev the Stinger (level 6, 0/34 HPs)
             Began as a Gargoyle Venom Mage on July 27, 2023.
             Slain by an iguana (8 damage)
             ... on level 4 of the Dungeon.
             The game lasted 00:14:23 (3492 turns).

dohliylev the Stinger (Gargoyle Venom Mage)         Turns: 3492, Time: 00:14:24

Health: 0/34       AC:  7    Str: 12    XL:     6   Next: 17%
Magic:  9/11       EV: 11    Int: 17    God:
Gold:   198        SH:  5    Dex: 10    Spells: 2/12 levels left

rFire   . . .        s - +0 morningstar
rCold   . . .        (no shield)
rNeg    + . .        q - +0 leather armour
rPois   ∞            (no helmet)
rElec   +            (no cloak)
rCorr   .            (no gloves)
SInv    .            (no boots)
Will    .....        i - amulet of reflection
Stlth   ++           (no ring)
HPRegen 0.25/turn    (no ring)
MPRegen 0.12/turn

%: reflection
@: no status effects
A: sickness immunity, AC +4, negative energy resistance 1, electricity
resistance, torment resistance 1, petrification resistance
a: no special abilities


You were on level 4 of the Dungeon.
You visited 1 branch of the dungeon, and saw 4 of its levels.

You collected 198 gold pieces.

Inventory:

Hand Weapons
 s - a +0 morningstar (weapon)
Armour
 q - a +0 leather armour (worn)
Jewellery
 i - an amulet of reflection (around neck)
Talismans
 e - a beast talisman
Scrolls
 a - a scroll of brand weapon {unknown}
 d - a scroll of fear {unknown}
 f - 2 scrolls of identify {unknown}
 g - a scroll of immolation {unknown}
 h - a scroll of noise {unknown}
 j - 2 scrolls of blinking {unknown}
 k - 4 scrolls of teleportation {unknown}
 n - 3 scrolls of enchant armour {unknown}
 o - a scroll of vulnerability {unknown}
Potions
 b - a potion of magic
 c - 3 potions of curing {unknown}
 l - a potion of attraction {unknown}
 m - a potion of enlightenment {unknown}
 p - a potion of resistance {unknown}


   Skills:
 + Level 1.4 Fighting
 + Level 1.6 Dodging
 + Level 2.7 Stealth
 + Level 3.5 Spellcasting
 + Level 1.3 Transmutations
 + Level 2.0 Air Magic
 + Level 4.1 Poison Magic
 + Level 0.2 Shapeshifting


You had 2 spell levels left.
You knew the following spells:

 Your Spells              Type           Power      Damage    Failure   Level
a - Sting                 Tmut/Pois      48%        1d5       7%          1
b - Poisonous Vapours     Pois/Air       26%        N/A       9%          2
c - Mephitic Cloud        Conj/Pois/Air  10%        N/A       26%         3
d - Olgreb's Toxic Radia  Pois           17%        N/A       36%         4

Your spell library contained the following spells:

 Spells                   Type           Power      Damage    Failure   Level


Dungeon Overview and Level Annotations

Branches:
Dungeon (4/15)
 Temple: D:4-7

Altars:
Uskayaw
Vehumet


Innate Abilities, Weirdness & Mutations

You are immune to sickness and miasma.
Your stone body is resilient. (AC +4)
You are immune to poison.
You resist negative energy. (rN+)
You are resistant to electric shocks. (rElec)
You are resistant to unholy torment.
You are immune to petrification.


Message History

You sock the sleepcap!
The sleepcap is heavily damaged.
The sleepcap releases spores at you. x2
You hit the sleepcap but do no damage.
The sleepcap is heavily damaged.
The sleepcap releases spores at you but does no damage.
You block the sleepcap's attack.
You hit the sleepcap.
The sleepcap is heavily damaged.
The sleepcap releases spores at you. You block the sleepcap's attack.
You hit the sleepcap.
The sleepcap is almost destroyed.
The sleepcap barely misses you. The sleepcap releases spores at you.
You hit the sleepcap.
You destroy the sleepcap!
Your Air Magic skill increases to level 2!
An iguana comes into view.
s - a +0 morningstar (weapon)
You drop a +2 heavy flail.
The iguana hisses angrily.
Found a scroll labelled CEVU QAOS ILA and 8 gold pieces.
The iguana closely misses you.
You closely miss the iguana. The iguana bites you.
You puncture the iguana!
The iguana is heavily wounded.
The iguana bites you! The iguana closely misses you.
You closely miss the iguana.
The iguana is heavily wounded.
The iguana bites you!
Casting: Poisonous Vapours (safe; 9% risk of failure)
Confirm with . or Enter, or press ? or * to list all spells.
Aiming: Poisonous Vapours (safe; 9% risk of failure)
Press: ? - help, Dir - move target, f - iguana
Aim: an iguana (heavily wounded) Poisonous vapours surround the iguana!
The iguana is poisoned.
The iguana bites you.
* * * LOW HITPOINT WARNING * * *
You see here a +2 heavy flail.
The iguana attacks as you move away! The iguana bites you!
You die...

#..........# #
##......(.... #.
#...........# #..
#...........# # #.#
#..........## #$#..###
##..........# ##.##...####
#..........##
#...###....#####..........#
#........l@............##
#...###....#####........##
##.##...#### #........#
#?#..### #.......## # #.#
#......## #.. #.....## #.
#.....# # #######


You could see an iguana (poisoned).

Vanquished Creatures
  An orc priest (D:3)
  An iguana (D:2)
  2 orc wizards (D:3)
  A sleepcap (D:4)
  6 adders
  A worm (D:2)
  2 dart slugs
  4 orcs (D:3)
  8 bats
  An endoplasm (D:2)
  4 giant cockroaches
  6 goblins
  6 hobgoblins
  7 kobolds
  4 quokkas
  6 ball pythons
  4 frilled lizards
  5 rats
69 creatures vanquished.

Notes
Turn   | Place    | Note
-------+----------+-------------------------------------------
     0 | D:1      | dohliylev the Gargoyle Venom Mage began the quest for the
                  | Orb.
     0 | D:1      | Reached XP level 1. HP: 10/10 MP: 3/3
   168 | D:1      | Reached XP level 2. HP: 15/15 MP: 3/5
   179 | D:1      | Learned a level 2 spell: Poisonous Vapours
   536 | D:1      | Reached skill level 1 in Transmutations
   902 | D:1      | Reached XP level 3. HP: 19/19 MP: 3/6
  1063 | D:2      | Learned a level 3 spell: Mephitic Cloud
  1635 | D:2      | Reached skill level 1 in Air Magic
  1635 | D:2      | Reached XP level 4. HP: 17/24 MP: 0/7
  1715 | D:2      | Found a faded altar of an unknown god.
  2536 | D:3      | Reached XP level 5. HP: 23/28 MP: 9/9
  2721 | D:3      | Found a radiant altar of Vehumet.
  2742 | D:3      | Reached skill level 4 in Poison Magic
  3054 | D:3      | Reached skill level 1 in Fighting
  3131 | D:3      | Learned a level 4 spell: Olgreb's Toxic Radiance
  3226 | D:3      | Reached XP level 6. HP: 6/34 MP: 3/11
  3348 | D:3      | Found a hide-covered altar of Uskayaw.
  3492 | D:4      | Slain by an iguana

Illustrated notes

Levels and vault maps discovered:
D:1:      dpeg_arrival_oval, layout_basic, minmay_domino_4
D:2:      layout_basic, hellmonk_ecumenical_altar_lost_god,
          minmay_crystal_water, kennysheep_boxes
D:3:      layout_rooms, nicolae_vehumet_radiance,
          mainiacjoe_overflow_six_doors_small
D:4:      minmay_general_purpose_star, layout_cave_pods, bloody_trog

Skill      XL: |  1  2  3  4  5  6 |
---------------+-------------------+-----
Transmutations | 1 |  1.3
Air Magic      | 1 2 |  2.0
Spellcasting   | 3 |  3.5
Poison Magic   | 4 |  4.1
Fighting       | 1 |  1.4
Dodging        | |  1.6
Stealth        | |  2.7
Shapeshifting  | |  0.2

Action                     |  1- 3 |  4- 6 || total
---------------------------+-------+-------++-------
  Melee: Unarmed           |     4 |       ||     4
         Short sword       |    53 |    43 ||    96
         Punch             |     2 |       ||     2
         Flail             |       |     5 ||     5
         Morningstar       |       |     3 ||     3
   Cast: Sting             |    29 |    20 ||    49
         Poisonous Vapours |    20 |    25 ||    45
         Mephitic Cloud    |     1 |       ||     1
         Olgreb's Toxic Ra |       |     1 ||     1
   Stab: Sleeping          |     3 |     3 ||     6
         Confused          |     1 |       ||     1
 Armour: Robe              |    19 |     5 ||    24
         Leather armour    |       |    10 ||    10
  Dodge: Dodged            |    37 |    21 ||    58
  Block: Other             |       |     7 ||     7
         Reflection        |       |     1 ||     1
   Form: Beast             |     1 |       ||     1
                           |       |     1 ||     1

Table legend: (Time is in decaauts)
 A = Elapsed time spent in this place.
 B = Non-inter-level travel time spent in this place.
 C = Inter-level travel time spent in this place.
 D = Time resting spent in this place.
 E = Time spent auto-exploring this place.
 F = Levels seen in this place.
 G = Mean time per level.
                   A        B        C        D        E       F      G
               +--------+--------+--------+--------+--------+-----+--------+
         Total |   3464 |   3406 |     58 |   1354 |   1230 |   4 |  866.0 |
       Dungeon |   3464 |   3406 |     58 |   1354 |   1230 |   4 |  866.0 |
               +--------+--------+--------+--------+--------+-----+--------+

Top non-repeatable levels by time:
     D:2: 1413 daAuts
     D:1: 1050 daAuts
     D:3: 925 daAuts
     D:4: 75 daAuts
